 Dungeon Crawl Stone Soup version 0.28-b1-78-gc65acfa365 (webtiles) character file.

Game seed: 14987146475898468913

19 Descartes the Ducker (level 2, 0/15 HPs)
             Began as a Deep Elf Wanderer on Feb 4, 2022.
             Was a Follower of the Shining One.
             Killed from afar by Sigmund (7 damage)
             ... with a magic dart
             ... on level 2 of the Dungeon.
             The game lasted 00:01:48 (1126 turns).

Descartes the Ducker (Deep Elf Wanderer)            Turns: 1126, Time: 00:01:48

Health: 0/15       AC:  5    Str:  7    XL:     2   Next: 55%
Magic:  5/5        EV: 14    Int: 14    God:    the Shining One [*.....]
Gold:   25         SH:  0    Dex: 18    Spells: 3/3 levels left

rFire   . . .      SeeInvis .   a - +0 dagger
rCold   . . .      Faith    .   (no shield)
rNeg    . . .      Spirit   .   d - +2 leather armour
rPois   .          Reflect  .   (no helmet)
rElec   .          Harm     .   (no cloak)
rCorr   .          Rampage  .   (no gloves)
Will    .....                   (no boots)
Stlth   +.........              (no amulet)
HPRegen 0.05/turn               (no ring)
MPRegen 0.09/turn               (no ring)

@: glowing
A: no striking features
a: Renounce Religion, Divine Shield


You were on level 2 of the Dungeon.
You worshipped the Shining One.
The Shining One was aware of your devotion.
You visited 1 branch of the dungeon, and saw 2 of its levels.

You collected 25 gold pieces.

Inventory:

Hand Weapons
 a - a +0 dagger (weapon)
Missiles
 e - 29 sling bullets
 f - 58 stones (quivered)
 g - 21 arrows
Armour
 d - a +2 leather armour (worn)
Scrolls
 c - a scroll of vulnerability
Potions
 b - a potion of lignification


   Skills:
 * Level 1.1 Short Blades
 - Level 1.0 Throwing
 - Level 1.0 Armour
 + Level 6.1 Dodging
 - Level 1.0 Unarmed Combat
 + Level 1.0 Spellcasting
 + Level 0.6 Conjurations
 + Level 0.5 Poison Magic
 - Level 1.0 Invocations
 + Level 1.3 Evocations


You had 3 spell levels left.
You didn't know any spells.
Your spell library was empty.

Dungeon Overview and Level Annotations

Branches:
Dungeon (2/15)

Altars:
The Shining One

Annotations:
D:2 Sigmund


Message History

No target in view!
You see here a bat corpse.
Sigmund the Dreaded comes into view.
He is wielding a +0 scythe.
Sigmund shouts!
Sigmund barely misses you.
You hit Sigmund but do no damage. Sigmund closely misses you.
You closely miss Sigmund. You hit Sigmund.
Sigmund is lightly wounded.
Sigmund misses you.
You hit Sigmund.
Sigmund is lightly wounded.
Sigmund hits you with a +0 scythe!
Ouch! That really hurt!
You are too injured to fight recklessly!
You are too injured to fight recklessly!
You are too injured to fight recklessly!
You are too injured to fight recklessly!
You are too injured to fight recklessly!
You are too injured to fight recklessly!
You are too injured to fight recklessly!
You are too injured to fight recklessly!
You are too injured to fight recklessly!
You are too injured to fight recklessly!
You are too injured to fight recklessly!
You are too injured to fight recklessly!
You are too injured to fight recklessly!
You are too injured to fight recklessly!
You are too injured to fight recklessly!
You are too injured to fight recklessly!
You are too injured to fight recklessly!
You are too injured to fight recklessly!
You are too injured to fight recklessly!
You barely miss Sigmund.
Sigmund is lightly wounded.
You hit Sigmund but do no damage.
Sigmund is lightly wounded.
Sigmund points at you and mumbles some strange words.
The magic dart hits you!
You die...

##. ... #.#
#.# #.# #.#
#@# #@#
#.######
#...ā€
..#######
######........
#<####### #.#
#.# Pā‰ˆ.


ā‰ˆPā‰ˆ You could see Sigmund.

Vanquished Creatures
  3 bats
  A giant cockroach (D:1)
  A goblin (D:1)
  2 hobgoblins (D:1)
  A kobold (D:1)
  A quokka (D:1)
  4 ball pythons (D:1)
  3 frilled lizards (D:1)
  2 rats (D:1)
18 creatures vanquished.

Notes
Turn   | Place    | Note
-------+----------+-------------------------------------------
     0 | D:1      | Descartes the Deep Elf Wanderer began the quest for the
                  | Orb.
     0 | D:1      | Descartes set off with the following items: a +0 dagger, a
                  | potion of lignification, a scroll of vulnerability, a +2
                  | leather armour
     0 | D:1      | Reached XP level 1. HP: 10/10 MP: 3/3
   540 | D:1      | Found a faded altar of an unknown god.
   546 | D:1      | Reached XP level 2. HP: 15/15 MP: 3/5
   560 | D:1      | Prayed at the altar of an unknown god.
   560 | D:1      | Became a worshipper of the Shining One
   560 | D:1      | Reached * piety under the Shining One
   798 | D:1      | Reached skill level 1 in Short Blades
   798 | D:1      | Reached skill level 1 in Spellcasting
  1118 | D:2      | Noticed Sigmund
  1126 | D:2      | Killed from afar by Sigmund

Illustrated notes

Levels and vault maps discovered:
D:1:      saegor_arrival_simple_e, layout_rooms, ebering_ecumenical_altar_rust
D:2:      layout_loops_ring, serial_bayou, serial_bayou_lake_a,
          serial_bayou_shore_b, serial_bayou_pond_c, serial_bayou_lagoon_a,
          lexackson_kobold_supper, uniq_sigmund

Skill      XL: |  1  2 |
---------------+-------+-----
Short Blades   | 1 |  1.1
Spellcasting   | 1 |  1.0
Throwing       | |  1.0
Armour         | |  1.0
Dodging        | |  6.1
Unarmed Combat | |  1.0
Conjurations   | |  0.6
Poison Magic   | |  0.5
Invocations    | |  1.0
Evocations     | |  1.3

Action                   || total
-------------------------++-------
Melee: Dagger            ||   101
Armor: Leather armour    ||    27
Dodge: Dodged            ||    83
